 Dungeon Crawl Stone Soup version 0.29.1-1-gd02db6906a (webtiles) character file.

Game seed: 12376322519489008772

5 croobank the Caller (level 1, -1/11 HPs)
             Began as an Octopode Summoner on Oct 19, 2022.
             Frozen to death by an endoplasm (5 damage)
             ... on level 1 of the Dungeon.
             The game lasted 00:01:27 (532 turns).

croobank the Caller (Octopode Summoner)              Turns: 532, Time: 00:01:28

Health: -1/11      AC:  1    Str:  7    XL:     1   Next: 80%
Magic:  2/3        EV: 13    Int: 17    God:
Gold:   17         SH:  0    Dex: 12    Spells: 3/4 levels left

rFire   . . .      SeeInvis .   (no weapon)
rCold   . . .      Faith    .   (no shield)
rNeg    . . .      Spirit   .   (helmet restricted)
rPois   .          Reflect  .   c - amulet of the acrobat
rElec   .          Harm     .   (no ring)
rCorr   .          Rampage  .   (no ring)
Will    .....                   (no ring)
Stlth   +++.......              (no ring)
HPRegen 0.03/turn               (no ring)
MPRegen 0.08/turn               (no ring)
                                (no ring)
                                (no ring)

@: no status effects
A: almost no armour, amphibious, 8 rings, camouflage 1, gelatinous body 1,
(nimble swimmer 1), tentacles
a: no special abilities


You were on level 1 of the Dungeon.
You visited 1 branch of the dungeon, and saw 1 of its levels.

You collected 17 gold pieces.

Inventory:

Jewellery
 c - an amulet of the acrobat (around mantle)
Scrolls
 b - a scroll of poison {unknown}
 d - a scroll of enchant weapon {unknown}
 e - a scroll of magic mapping {unknown}
 f - a scroll of brand weapon {unknown}
 h - a scroll of identify {unknown}
Potions
 a - a potion of magic
 g - a potion of degeneration {unknown}


   Skills:
 + Level 2.1 Dodging
 + Level 2.9 Stealth
 + Level 2.1 Spellcasting
 + Level 4.0 Summonings


You had 3 spell levels left.
You knew the following spells:

 Your Spells              Type           Power      Damage    Failure   Level
a - Summon Small Mammal   Summ           60%        N/A       3%          1

Your spell library contained the following spells:

 Spells                   Type           Power      Damage    Failure   Level
 Call Imp                 Summ           15%        N/A       5%          2
 Call Canine Familiar     Summ           15%        N/A       11%         3
 Summon Guardian Golem    Hex/Summ       8%         N/A       26%         3
 Summon Lightning Spire   Summ/Air       8%         N/A       63%         4


Dungeon Overview and Level Annotations

Branches:
Dungeon (1/15)

Altars:


Innate Abilities, Weirdness & Mutations

You cannot wear most types of armour.
You are amphibious.
You can wear up to eight rings at the same time.
Your skin changes colour to match your surroundings (Stealth+).
Your rubbery body absorbs attacks. (AC +1, EV +1)
((You are camouflaged when in or above water. (Stealth+)))
You have tentacles for arms and can constrict up to eight enemies at once.


Message History

A dart slug comes into view.
Casting: Summon Small Mammal (safe; 3% risk of failure)
Confirm with . or Enter, or press ? or * to list all spells.
Casting: Summon Small Mammal (safe; 3% risk of failure)
Confirm with . or Enter, or press ? or * to list all spells.
You swap places.
Found a scroll labelled FUAT TEUWE.
You swap places.
You swap places.
You see here a +0 leather armour of poison resistance.
You see here a +0 leather armour of poison resistance.
You swap places.
You swap places.
Your rat bites the dart slug.
You see here a +0 leather armour of poison resistance.
Your rat bites the dart slug.
You swap places.
The dart slug misses your rat.
Your rat bites the dart slug but does no damage.
You swap places.
The dart slug completely misses you.
You barely miss the dart slug. You grab the dart slug.
You squeeze the dart slug!
You kill the dart slug!
h - a scroll labelled FUAT TEUWE Your quokka disappears in a puff of smoke!
Your rat disappears in a puff of smoke!
You see here a +0 leather armour of poison resistance.
An endoplasm comes into view.
An endoplasm is nearby!
The endoplasm quivers.
The endoplasm freezes you.
You are frozen.
You tentacle-slap the endoplasm but do no damage.
Your squeeze misses the endoplasm. The endoplasm hits you.
You tentacle-slap the endoplasm.
The endoplasm is lightly wounded.
The endoplasm hits you.
Casting: Summon Small Mammal (safe; 3% risk of failure)
Confirm with . or Enter, or press ? or * to list all spells.
The endoplasm freezes you.
You are frozen.
You die...

######## #####
#.[.....
#.r.######.#####.
######.#.##.......#...
#...J@.#..........#.#.
#.########........#.#.
............#.##
#########....)#
#.......# #.####.###
...####.####....
........ยง.......
#######.#.......


You could see an endoplasm (ally target) and a friendly rat (summoned).

Vanquished Creatures
  A dart slug (D:1)
1 creature vanquished.

Vanquished Creatures (collateral kills)
  An endoplasm (D:1)
  A frilled lizard (D:1)
  A rat (D:1)
3 creatures vanquished.

Grand Total: 4 creatures vanquished

Notes
Turn   | Place    | Note
-------+----------+-------------------------------------------
     0 | D:1      | croobank the Octopode Summoner began the quest for the Orb.
     0 | D:1      | Reached XP level 1. HP: 11/11 MP: 3/3
   532 | D:1      | Frozen to death by an endoplasm

Illustrated notes

Levels and vault maps discovered:
D:1:      dpeg_arrival_tiny_b, layout_basic

Action                   || total
-------------------------++-------
Melee: Unarmed           ||     4
       Constrict         ||     1
       Tentacles         ||     1
 Cast: Summon Small Mamm ||     8
Dodge: Dodged            ||     5
